 Dungeon Crawl Stone Soup version 0.30-a0-168-g0b976cbdc4 (webtiles) character file.

Game seed: 2553363226249013856

4 KennySheep the Slasher (level 1, 0/12 HPs)
             Began as a Tengu Gladiator on Sept 30, 2022.
             Slain by a kobold
             ... wielding a +0 short sword
              (4 damage)
             ... on level 1 of the Dungeon.
             The game lasted 00:00:12 (97 turns).

KennySheep the Slasher (Tengu Gladiator)              Turns: 97, Time: 00:00:12

Health: 0/12       AC:  3    Str: 14    XL:     1   Next: 60%
Magic:  2/2        EV: 12    Int:  8    God:
Gold:   0          SH:  0    Dex: 15    Spells: 0/0 levels left

rFire   . . .      SeeInvis .    a - +0 long sword
rCold   . . .      Faith    .    (no shield)
rNeg    . . .      Spirit   .    b - +0 leather armour
rPois   .          Reflect  .    c - +0 hat
rElec   .          Harm     .    (no cloak)
rCorr   .          Rampage  .    (no gloves)
Will    .....                    (boots unavailable)
Stlth   +.........               (no amulet)
HPRegen 0.04/turn                (no ring)
MPRegen 0.08/turn                (no ring)

@: no status effects
A: beak, talons 3
a: no special abilities


You were on level 1 of the Dungeon.
You visited 1 branch of the dungeon, and saw 1 of its levels.

Inventory:

Hand Weapons
 a - a +0 long sword (weapon)
Missiles
 d - 3 throwing nets (quivered)
 e - a javelin
Armour
 b - a +0 leather armour (worn)
 c - a +0 hat (worn)


   Skills:
 + Level 2.0 Fighting
 * Level 3.4 Long Blades
 - Level 2.0 Throwing
 + Level 3.3 Dodging
 + Level 0.2 Stealth


You couldn't memorise any spells.
You didn't know any spells.
Your spell library was empty.

Dungeon Overview and Level Annotations

Branches:
Dungeon (1/15)

Altars:


Innate Abilities, Weirdness & Mutations

You have a beak for a mouth.
You have claws for feet.


Message History

You barely miss the goblin. You claw the goblin.
You kill the goblin!
No target in view!
HP restored.
You see here a hobgoblin corpse.
Things that are here:
a +0 dagger; a goblin corpse
Found 5 stones.
A bat comes into view.
Found 14 gold pieces.
A bat is nearby!
A bat is nearby!
A jackal comes into view.
A jackal and a kobold come into view.
Found a scroll labelled XIR BEFIYBOIRU.
The kobold shouts!
A jackal comes into view.
The bat closely misses you. The bat hits you but does no damage.
The jackal bites you.
You closely miss the jackal. You claw the jackal.
The jackal is moderately wounded.
The bat hits you but does no damage. The jackal barely misses you.
You barely miss the jackal.
The jackal is moderately wounded.
The bat closely misses you. The jackal closely misses you.
The jackal bites you. The kobold closely misses you. The jackal bites you.
The jackal bites you but does no damage.
The kobold completely misses you.
You closely miss the jackal. You claw the jackal. You peck the jackal.
You kill the jackal!
The bat misses you.
The jackal bites you but does no damage.
The jackal bites you. The kobold barely misses you.
The bat completely misses you. The jackal completely misses you.
You closely miss the bat. The bat hits you but does no damage.
The jackal bites you but does no damage.
The jackal misses you.
The kobold hits you with a +0 short sword.
You die...

...##########
........†...#
########)...# #....#
#....#
######....##############
#....................?..
#.(............h...$....
#.............@h........
#.............bK........
#.......................
###########.............
#.............
#.............
#.............
#.............
#.............


You could see 2 jackals, a bat and a kobold.

Vanquished Creatures
  A goblin (D:1)
  A hobgoblin (D:1)
  A jackal (D:1)
3 creatures vanquished.

Notes
Turn   | Place    | Note
-------+----------+-------------------------------------------
     0 | D:1      | KennySheep the Tengu Gladiator began the quest for the Orb.
     0 | D:1      | Reached XP level 1. HP: 12/12 MP: 2/2
    97 | D:1      | Slain by a kobold

Illustrated notes

Levels and vault maps discovered:
D:1:      shiori_arrival_maze, layout_basic, nicolae_ecumenical_snake_handling

Action                   || total
-------------------------++-------
Melee: Long sword        ||     6
       Kick              ||     3
       Peck              ||     1
Armor: Leather armour    ||     8
Dodge: Dodged            ||    11

Table legend: (Time is in decaauts)
 A = Elapsed time spent in this place.
 B = Non-inter-level travel time spent in this place.
 C = Inter-level travel time spent in this place.
 D = Time resting spent in this place.
 E = Time spent auto-exploring this place.
 F = Levels seen in this place.
 G = Mean time per level.
                   A        B        C        D        E       F      G
               +--------+--------+--------+--------+--------+-----+--------+
         Total |     98 |     98 |      0 |      0 |     78 |   1 |   98.0 |
       Dungeon |     98 |     98 |      0 |      0 |     78 |   1 |   98.0 |
               +--------+--------+--------+--------+--------+-----+--------+

Top non-repeatable levels by time:
     D:1: 98 daAuts
